 Dungeon Crawl Stone Soup version 0.31-a0-640-g39d97e502b (webtiles) character file.

Game seed: 14355364050401587087

123 Edyrem the Changeling (level 5, 0/41 HPs)
             Began as a Merfolk Shapeshifter on Aug 28, 2023.
             Slain by a goblin
             ... wielding a +0 club
              (3 damage)
             ... on level 3 of the Dungeon.
             The game lasted 00:03:49 (2038 turns).

Edyrem the Changeling (Merfolk Shapeshifter)        Turns: 2038, Time: 00:03:49

Health: 0/41       AC:  2    Str: 17    XL:     5   Next: 7%
Magic:  5/5        EV: 10    Int: 15    God:
Gold:   89         SH:  0    Dex: 13    Spells: 4/4 levels left

rFire   . . .        b - +3 short sword
rCold   . . .        (no shield)
rNeg    . . .        a - +0 animal skin
rPois   .            (helmet currently unavailable)
rElec   .            (cloak currently unavailable)
rCorr   .            e - melded +0 pair of gloves
SInv    .            (boots currently unavailable)
Will    .....        (no amulet)
Stlth   +            h - +6 ring of intelligence
HPRegen 0.26/turn    (no ring)
MPRegen 0.09/turn

%: no passive effects
@: beast-form, constricted
A: beast (slay +2), (nimble swimmer 2), mertail
a: Begin Untransformation


You were on level 3 of the Dungeon.
You were a hulking beast.
You visited 1 branch of the dungeon, and saw 3 of its levels.

You collected 89 gold pieces.

Inventory:

Hand Weapons
 b - a +3 short sword (weapon)
 o - a +0 dagger of electrocution
Missiles
 f - 2 boomerangs
 j - 5 poisoned darts (quivered)
Armour
 a - a +0 animal skin (worn)
 e - a +0 pair of gloves (melded)
Jewellery
 h - a +6 ring of intelligence (left hand)
Talismans
 c - a beast talisman (active)
 d - a flux talisman
Scrolls
 g - a scroll of teleportation {unknown}
 l - a scroll of amnesia {unknown}
 n - 4 scrolls of identify {unknown}
 p - a scroll of blinking {unknown}
Potions
 i - a potion of resistance {unknown}
 k - a potion of lignification
 m - a potion of curing {unknown}
 q - 2 potions of heal wounds {unknown}


   Skills:
 * Level 3.1 Fighting
 + Level 3.9 Dodging
 + Level 4.0 Unarmed Combat
 + Level 4.7 Shapeshifting


You had 4 spell levels left.
You didn't know any spells.
Your spell library was empty.

Dungeon Overview and Level Annotations

Branches:
Dungeon (3/15)

Altars:
Gozag
Hepliaklqana
Kikubaaqudgha
Trog


Innate Abilities, Weirdness & Mutations

You are a hulking beast.
Your limbs bulge with bestial killing power. (Slay +2)
((You are very nimble when in or above water. (Stealth+, EV+, Speed+++)))
Your lower body shifts to a powerful aquatic tail in water.


Message History

The worm is lightly wounded.
You barely miss the worm.
The worm is lightly wounded.
The worm bites you.
You barely miss the worm.
The worm is lightly wounded.
The ball python barely misses you. x2; The worm bites you!
You barely miss the worm.
The worm is lightly wounded.
The ball python closely misses you. The ball python misses you.
You hit the worm.
The worm is moderately wounded.
The ball python bites you. The ball python barely misses you.
The worm bites you.
You hit the worm.
The worm is severely wounded.
The ball python bites you. The ball python grabs you.
The ball python constricts you. The ball python barely misses you.
The ball python constricts you.
You hit the worm.
The worm is almost dead.
The worm bites you!
* * * LOW HITPOINT WARNING * * *
The ball python barely misses you. The ball python constricts you.
The goblin hits you with a +0 club.
* * * LOW HITPOINT WARNING * * *
You hit the worm.
You kill the worm!
The ball python bites you.
* * * LOW HITPOINT WARNING * * *
The ball python constricts you. The goblin hits you with a +0 club.
* * * LOW HITPOINT WARNING * * *
You hit the goblin.
The goblin is heavily wounded.
The ball python bites you.
* * * LOW HITPOINT WARNING * * *
The ball python constricts you.
* * * LOW HITPOINT WARNING * * *
The goblin hits you with a +0 club.
You die...

......._..._.##...#..
.................#..#
....................
.###...............#...
...#..####....#.......#
................?......
......................#
#...<...#....g.....#
#.......##.#hS......
.##..#.......#....#..#
..................# .#
..##....†.#####...... #
#......# .........
.......... ..#..#..#
####....... ..#..#..#
......[.......... .#
...#.#...##


You could see a goblin and a ball python.

Vanquished Creatures
  Natasha (thrice) (D:2)
  A worm (D:3)
  4 dart slugs
  A ball python (D:2)
  5 endoplasms
  A giant cockroach (D:1)
  5 goblins
  3 hobgoblins (D:1)
  4 quokkas
  2 bats
  3 frilled lizards
  5 rats
37 creatures vanquished.

Notes
Turn   | Place    | Note
-------+----------+-------------------------------------------
     0 | D:1      | Edyrem the Merfolk Shapeshifter began the quest for the
                  | Orb.
     0 | D:1      | Reached XP level 1. HP: 15/15 MP: 1/1
   197 | D:1      | Reached XP level 2. HP: 21/21 MP: 2/2
   486 | D:1      | Reached XP level 3. HP: 21/27 MP: 3/3
  1067 | D:2      | Found a faded altar of an unknown god.
  1224 | D:2      | Noticed Natasha
  1232 | D:2      | Killed Natasha
  1233 | D:2      | Reached XP level 4. HP: 19/34 MP: 4/4
  1609 | D:2      | Noticed Natasha
  1615 | D:2      | Killed Natasha
  1903 | D:2      | Noticed Natasha
  1914 | D:2      | Killed Natasha
  1915 | D:2      | Reached XP level 5. HP: 20/41 MP: 5/5
  2012 | D:3      | Found an ancient bone altar of Kikubaaqudgha.
  2021 | D:3      | Found a bloodstained altar of Trog.
  2023 | D:3      | Found a hazy altar of Hepliaklqana.
  2023 | D:3      | Found an opulent altar of Gozag.
  2038 | D:3      | Slain by a goblin

Illustrated notes

Levels and vault maps discovered:
D:1:      dpeg_arrival_rooms_a, layout_basic
D:2:      layout_basic, basic_ecumenical_altar, uniq_natasha
D:3:      layout_basic, tso_altar, grunt_temple_overflow_open

Skill      XL: |  1  2  3  4 |
---------------+-------------+-----
Dodging        | 3 |  3.9
Fighting       | 2 3 |  3.1
Unarmed Combat | 4 |  4.0
Shapeshifting  | |  4.7

Action                     |  1- 3 |  4- 6 || total
---------------------------+-------+-------++-------
  Melee: Unarmed           |    18 |       ||    18
         Short sword       |    56 |    33 ||    89
         Punch             |     2 |     1 ||     3
 Armour: Animal skin       |    15 |     2 ||    17
  Dodge: Dodged            |    39 |    22 ||    61
         Form:             |     1 |       ||     1
         Beast             |     1 |       ||     1

Table legend: (Time is in decaauts)
 A = Elapsed time spent in this place.
 B = Non-inter-level travel time spent in this place.
 C = Inter-level travel time spent in this place.
 D = Time resting spent in this place.
 E = Time spent auto-exploring this place.
 F = Levels seen in this place.
 G = Mean time per level.
                   A        B        C        D        E       F      G
               +--------+--------+--------+--------+--------+-----+--------+
         Total |   2035 |   1635 |    400 |     80 |   1281 |   3 |  678.3 |
       Dungeon |   2035 |   1635 |    400 |     80 |   1281 |   3 |  678.3 |
               +--------+--------+--------+--------+--------+-----+--------+

Top non-repeatable levels by time:
     D:2: 1167 daAuts
     D:1: 842 daAuts
     D:3: 25 daAuts
